 Dungeon Sprint DCSS version 0.16.2-12-gd0ad4c3 (webtiles) character file.

189 musteatbrain the Archer (level 5, -2/41 HPs)
             Began as a High Elf Hunter on Oct 16, 2015.
             Slain by an orc priest
             ... wielding a +4 scimitar of slicing
              (3 damage)
             ... in the Dungeon (Sprint V: "Ziggurat Sprint").
             The game lasted 00:02:31 (386 turns).

musteatbrain the Archer (High Elf Hunter)            Turns: 386, Time: 00:02:31

Health: -2/41      AC:  3    Str: 11    XL:     5   Next: 40%
Magic:  8/8        EV: 13    Int: 15    God:
Gold:   0          SH:  0    Dex: 16    Spells: 0 memorised, 4 levels left

rFire  . . .     SeeInvis .     P - +7 longbow "Piercer" {penet, EV-2}
rCold  . . .     Clarity  .     d - +0 leather armour
rNeg   . . .     SustAb   .     (no shield)
rPois  .         Gourm    .     (no helmet)
rElec  .         Spirit   .     (no cloak)
rCorr  .         Warding  .     (no gloves)
rMut   .         NoTele   +     (no boots)
MR     .....                    (no amulet)
Stlth  ++........               (no ring)
                                (no ring)

@: not resistant to hostile enchantments, unstealthy
A: no striking features
a: no special abilities


You were in the Dungeon.
You were not hungry.

You visited 1 branch

Inventory:

Hand weapons
 O - the cursed +9 Sword of Zonguldrok {reap, Curse}
   (You found it in the Dungeon)

   If a monster killed with it leaves a corpse in good enough shape, the corpse
   will be animated as a zombie friendly to the killer.
   It may re-curse itself when equipped.
   It has a curse placed upon it.
 P - the +7 longbow "Piercer" (weapon) {penet, EV-2}
   (You found it in the Dungeon)

   Ammo fired by it will pass through the targets it hits, potentially hitting
   all targets in its path until it reaches maximum range.
   It affects your evasion (-2).
Missiles
 c - 1009 arrows (quivered)
Armour
 d - a +0 leather armour (worn)
 M - the cursed +15 Maxwell's patent armour {-Cast -Tele rElec MR+ rCorr}
   (You found it in the Dungeon)

   It insulates you from electricity.
   It affects your resistance to hostile enchantments.
   It prevents spellcasting.
   It prevents most forms of teleportation.
   It protects you from acid and corrosion.
   It has a curse placed upon it.
 N - the +18 shield of the gong {rElec rN+ MR+ EV-5}
   (You found it in the Dungeon)

   It affects your evasion (-5).
   It insulates you from electricity.
   It protects you from negative energy.
   It affects your resistance to hostile enchantments.
Jewellery
 B - a +6 ring of dexterity
 C - a +6 ring of dexterity
 D - a +6 ring of intelligence
 E - a +6 ring of intelligence
 F - a +6 ring of strength
 G - a +6 ring of strength
Magical devices
 I - a wand of disintegration (7)
 J - a wand of fire (5)
 K - a wand of cold (5)
 L - a wand of draining (5)
Scrolls
 k - 4 scrolls of blinking
 s - 4 scrolls of amnesia
 t - 3 scrolls of recharging
 u - 7 scrolls of fog
 v - a scroll of holy word
 w - 5 scrolls of identify
 x - 5 scrolls of remove curse
 y - 2 scrolls of fear
Potions
 e - 10 potions of curing
 g - 12 potions of heal wounds
 h - 6 potions of haste
 i - 7 potions of magic
 j - 3 potions of berserk rage
 l - 2 potions of brilliance
 m - 2 potions of invisibility
 n - 2 potions of restore abilities
 o - 4 potions of resistance
 q - 5 potions of agility
 r - 5 potions of might
Miscellaneous
 H - a disc of storms
Comestibles
 f - 5 bread rations
 z - 42 fruits
 A - 4 meat rations


   Skills:
 + Level 5.7 Fighting
 + Level 12.7 Bows
 + Level 6.3 Dodging
 - Level 1.1 Stealth


You had 4 spell levels left.
You didn't know any spells.

Dungeon Overview and Level Annotations

Branches:
Dungeon (1/1)

Altars:
Ashenzari
Cheibriados
Dithmenos
Elyvilon
Fedhas
Gozag
Kikubaaqudgha
Makhleb
Nemelex Xobeh
Okawaru
Qazlal
Ru
Sif Muna
Trog
Vehumet
Xom
Yredelemnul
Zin
The Shining One
Beogh
Jiyva
Lugonu


Message History

The puff of frost hits you!
* * * LOW HITPOINT WARNING * * *
Firing (i - inventory):
c - 1010 arrows (quivered)
Press: ? - help, Shift-Dir - straight line, f/p - orc wizard
Aim: an orc wizard, wielding the +9 flail "Pliymn" {crush, rPois rC++ Str+4 SInv} and wearing a robe You shoot an arrow.
The arrow closely misses the orc wizard.
The orc priest completely misses you.
The orc wizard hits you with the +9 flail "Pliymn" {crush, rPois rC++ Str+4 SInv}.
* * * LOW HITPOINT WARNING * * *
x2 You hear a distant slurping noise.
Unknown command.
Unknown command.
Unknown command.
Really attack while wielding the +7 longbow "Piercer" {penet, EV-2}?
Really attack while wielding the +7 longbow "Piercer" {penet, EV-2}?
You closely miss the orc wizard.
You hear a distant slurping noise.
The orc priest hits you with a +4 scimitar of slicing.
You die...

▓▓▓▓▓▓▓▓▓▓▓▓▓▓▓▓▓▓▓
▓(8©8.▓.8©8.▓.8©8.▓
▓(?.).▓.)|..▓.....▓
▓(.)..▓.....▓.|.).▓
▓.....▓.....▓.....▓
▓.))..▓.....▓.....▓
▓.oo..▓.....▓.....▓
▓..@..▓.....▓▓▓▓▓▓▓
▓▓▓▓▓▓▓▓▓▓▓▓▓


You could see an orc priest and an orc wizard.

Vanquished Creatures
  An ice beast (D)
  An orc priest (D)
  A jelly (D)
  An orc wizard (D)
  A white imp (D)
  An ooze (D)
  A bat simulacrum (D)
7 creatures vanquished.

Vanquished Creatures (others)
  2 acid blobs (D)
  Rupert (D)
  An azure jelly (D)
  2 death oozes (D)
  Harold (D)
  Pikel (D)
  Grum (D)
  Menkaure (D)
  Purgy (D)
  Duvessa (D)
  Blork the orc (D)
  Dowan (D)
  Terence (D)
15 creatures vanquished.

Grand Total: 22 creatures vanquished

Notes
Turn   | Place    | Note
--------------------------------------------------------------
     0 | D        | musteatbrain, the High Elf Hunter, began the quest for the Orb.
     0 | D        | Reached XP level 1. HP: 14/14 MP: 2/2
     0 | D        | Found a corrupted altar of Lugonu.
     0 | D        | Found a viscous altar of Jiyva.
     0 | D        | Found a white marble altar of Elyvilon.
     0 | D        | Found a burning altar of Makhleb.
     0 | D        | Found an iron altar of Okawaru.
     2 | D        | Found a sparkling altar of Nemelex Xobeh.
     2 | D        | Found a basalt altar of Yredelemnul.
     2 | D        | Found a deep blue altar of Sif Muna.
     2 | D        | Found a radiant altar of Vehumet.
     3 | D        | Killed Dowan
     6 | D        | Found a bloodstained altar of Trog.
    12 | D        | Killed Purgy
    21 | D        | Found a shimmering altar of Xom.
    23 | D        | Killed Blork the orc
    39 | D        | Killed Menkaure
    42 | D        | Killed an azure jelly
    46 | D        | Reached skill level 10 in Bows
    46 | D        | Reached XP level 2. HP: 19/19 MP: 3/3
    51 | D        | Entered arena 1.
    51 | D        | Noticed a jelly
    52 | D        | Killed a jelly
    52 | D        | Reached skill level 11 in Bows
    52 | D        | Reached XP level 3. HP: 23/26 MP: 5/5
    72 | D        | Entered arena 2.
    72 | D        | Noticed an ice beast
    77 | D        | Killed an ice beast
    77 | D        | Reached skill level 5 in Fighting
    77 | D        | Reached skill level 12 in Bows
    77 | D        | Reached skill level 5 in Dodging
    77 | D        | Reached XP level 4. HP: 12/35 MP: 7/7
    79 | D        | Reached XP level 5. HP: 8/39 MP: 8/8
    84 | D        | Killed Harold
   116 | D        | Killed Duvessa
   214 | D        | Killed a death ooze
   216 | D        | Killed Pikel
   223 | D        | Killed an acid blob
   225 | D        | Killed a death ooze
   256 | D        | Killed an acid blob
   283 | D        | Killed Terence
   287 | D        | Killed Grum
   341 | D        | Killed Rupert
   377 | D        | Entered arena 3.
   377 | D        | Noticed an orc wizard
   377 | D        | Noticed an orc priest
   377 | D        | Noticed an orc priest
   377 | D        | Noticed an orc wizard
   380 | D        | Killed an orc wizard
   383 | D        | Killed an orc priest
   385 | D        | HP: 1/41 [orc wizard/the +9 flail "Pliymn" {crush, rPois rC++ Str+4 SInv} (2)]
   386 | D        | Slain by an orc priest

Action                   |  1- 3 |  4- 6 || total
-------------------------+-------+-------++-------
Melee: Longbow           |       |     1 ||     1
 Fire: Longbow           |     7 |     9 ||    16
  Use: Potion            |     1 |       ||     1
